 Dungeon Crawl Stone Soup version 0.28-a0-991-g956f0ee3d5 (webtiles) character file.

Game seed: 9797147661361882450

320 DrunkBamboolord the Skirmisher (level 6, -1/53 HPs)
             Began as a Gnoll Wanderer on Dec 5, 2021.
             Slain by a wyvern (7 damage)
             ... on level 4 of the Dungeon.
             The game lasted 00:09:35 (5259 turns).

DrunkBamboolord the Skirmisher (Gnoll Wanderer)     Turns: 5259, Time: 00:09:36

Health: -1/53      AC:  3    Str: 13    XL:     6   Next: 46%
Magic:  11/11      EV: 11    Int: 12    God:
Gold:   131        SH:  0    Dex: 11    Spells: 7/11 levels left

rFire   . . .      SeeInvis .   e - +3 war axe (pain)
rCold   . . .      Faith    .   (no shield)
rNeg    . . .      Spirit   .   i - +0 leather armour
rPois   .          Reflect  .   (no helmet)
rElec   .          Harm     .   (no cloak)
rCorr   .          Rampage  .   (no gloves)
Will    .....                   (no boots)
Stlth   ++........              (no amulet)
HPRegen 0.17/turn               (no ring)
MPRegen 0.12/turn               (no ring)

@: no status effects
A: fangs 1, strong nose, distributed training
a: no special abilities


You were on level 4 of the Dungeon.
You visited 1 branch of the dungeon, and saw 4 of its levels.

You collected 131 gold pieces.

Inventory:

Hand Weapons
 e - a +3 war axe of pain (weapon)
Missiles
 d - 2 throwing nets (quivered)
Armour
 i - a +0 leather armour (worn)
Magical Staves
 j - a staff of cold
Jewellery
 m - an amulet of guardian spirit
Wands
 b - a wand of charming (11)
 k - a wand of digging (4)
Scrolls
 a - a scroll of holy word
 c - 2 scrolls of teleportation
 h - a scroll of identify
 l - a scroll of immolation
Potions
 f - a potion of might {unknown}
 g - a potion of cancellation
 n - a potion of curing


   Skills:
 + Level 6.8 Fighting
 + Level 2.0 Short Blades
 + Level 2.0 Long Blades
 + Level 3.2 Axes
 + Level 2.0 Maces & Flails
 + Level 2.0 Polearms
 + Level 2.0 Staves
 + Level 2.0 Slings
 + Level 2.0 Bows
 + Level 2.0 Crossbows
 + Level 2.0 Throwing
 + Level 3.2 Armour
 + Level 2.0 Dodging
 + Level 2.0 Stealth
 + Level 2.0 Shields
 + Level 2.0 Unarmed Combat
 + Level 3.4 Spellcasting
 + Level 1.5 Conjurations
 + Level 1.5 Hexes
 + Level 1.5 Summonings
 + Level 1.5 Necromancy
 + Level 1.5 Translocations
 + Level 1.5 Transmutations
 + Level 2.6 Fire Magic
 + Level 2.6 Ice Magic
 + Level 1.5 Air Magic
 + Level 1.5 Earth Magic
 + Level 1.5 Poison Magic
 + Level 2.2 Invocations
 + Level 5.0 Evocations


You had 7 spell levels left.
You knew the following spells:

 Your Spells              Type           Power      Damage    Failure   Level
a - Freeze                Ice            32%        1d5       10%         1
b - Frozen Ramparts       Ice            16%        1d3       30%         3

Your spell library contained the following spells:

 Spells                   Type           Power      Damage    Failure   Level
 Sandblast                Erth           10%        2d5       16%         1
 Passwall                 Tmut/Erth      4%         N/A       24%         2
 Dazzling Flash           Conj/Hex       10%        N/A       43%         3
 Stone Arrow              Conj/Erth      10%        3d7       43%         3
 Hailstorm                Conj/Ice       7%         3d4       77%         4
 Iskenderun's Mystic Bla  Conj/Tloc      5%         2d3       83%         4
 Agony                    Necr           5%         N/A       99%         5
 Silence                  Hex/Air        2%         N/A       99%         5
 Starburst                Conj/Fire      3%         6d3       100%        6


Dungeon Overview and Level Annotations

Branches:
Dungeon (4/15)
 Temple: D:4-7

Altars:

Annotations:
D:4 Sigmund


Innate Abilities, Weirdness & Mutations

You have very sharp teeth.
Your uncanny sense of smell can sniff out nearby items.
Your experience applies equally to all skills.


Message History

You see here a staff of cold.
j - a staff of cold
Found a stone staircase leading down.
k - a wand of digging (4)
Found 12 arrows.
A kobold and an orc come into view.
The kobold shouts!
Found a potion of curing.
The kobold throws a stone.
The stone barely misses you.
The kobold throws a stone.
The stone closely misses you. The kobold hits you with a +0 whip.
You hit the kobold but do no damage.
The kobold writhes in agony.
You punch the kobold.
You kill the kobold!
Things that are here:
a +0 whip; 3 stones; a kobold corpse
n - a potion of curing You open the door.
There is an open door here.
There is a collapsed entrance here.
There is an open door here.
The wyvern hisses angrily.
You hit the wyvern.
The wyvern is lightly wounded.
The wyvern bites you! The wyvern bites you.
You hit the wyvern.
The wyvern writhes in agony.
The wyvern is moderately wounded.
The wyvern closely misses you. The wyvern bites you!
You slash the wyvern! You bite the wyvern, but do no damage.
The wyvern is heavily wounded.
The wyvern bites you!
* * * LOW HITPOINT WARNING * * *
The wyvern barely misses you.
You slash the wyvern!
The wyvern is almost dead.
The wyvern bites you.
* * * LOW HITPOINT WARNING * * *
The wyvern bites you but does no damage.
The wyvern bites you!
You die...

#............###.......# ∆
#..........#..........##
#............<.......##
##.....[....#..####...## .###
#.............######...##
....##...................#...#
....................######...#
#.##.<.......l....# #.).#
##÷.###......#@.[..# ##..####
#.<......#####..#..######......
#..[.....# #.........##..##..
#........# #.........#...##..
#........# #..............#..
#........# #........#####....
#........# ##.#####.#...#..##
#........# #.# #.#...#..#
#........# ### #.#...#..#


You could see a wyvern.

Vanquished Creatures
  A necrophage (D:2)
  A scorpion (D:3)
  An orc priest (D:3)
  3 orc wizards (D:3)
  3 dart slugs
  5 orcs
  6 endoplasms
  2 giant cockroaches
  9 goblins
  5 hobgoblins
  3 jackals (D:3)
  5 kobolds
  A quokka (D:1)
  4 ball pythons
  4 bats
  2 frilled lizards
  2 rats (D:1)
57 creatures vanquished.

Vanquished Creatures (others)
  A kobold (D:1)
  2 plants (D:4)
3 creatures vanquished.

Grand Total: 60 creatures vanquished

Notes
Turn   | Place    | Note
-------+----------+-------------------------------------------
     0 | D:1      | DrunkBamboolord the Gnoll Wanderer began the quest for the
                  | Orb.
     0 | D:1      | DrunkBamboolord set off with the following items: a +0 hand
                  | axe, a wand of charming (15), a scroll of teleportation, a
                  | +0 robe
     0 | D:1      | Reached XP level 1. HP: 23/23 MP: 4/4
   100 | D:1      | Reached XP level 2. HP: 14/29 MP: 5/5
  1446 | D:1      | Reached XP level 3. HP: 35/35 MP: 7/7
  1865 | D:2      | Learned a level 1 spell: Freeze
  1869 | D:2      | Learned a level 3 spell: Frozen Ramparts
  2129 | D:2      | Reached skill level 1 in Invocations
  2749 | D:3      | Reached skill level 1 in Short Blades
  2749 | D:3      | Reached skill level 1 in Long Blades
  2749 | D:3      | Reached skill level 1 in Maces & Flails
  2749 | D:3      | Reached skill level 1 in Polearms
  2749 | D:3      | Reached skill level 1 in Staves
  2749 | D:3      | Reached skill level 1 in Slings
  2749 | D:3      | Reached skill level 1 in Bows
  2749 | D:3      | Reached skill level 1 in Crossbows
  2749 | D:3      | Reached skill level 1 in Throwing
  2749 | D:3      | Reached skill level 1 in Dodging
  2749 | D:3      | Reached skill level 1 in Stealth
  2749 | D:3      | Reached skill level 1 in Shields
  2749 | D:3      | Reached skill level 1 in Unarmed Combat
  2874 | D:3      | Reached XP level 4. HP: 37/41 MP: 8/8
  3310 | D:3      | Found a faded altar of an unknown god.
  3457 | D:4      | Noticed a necrophage
  3459 | D:4      | Noticed Sigmund
  3525 | D:4      | Noticed a scorpion
  3549 | D:3      | HP: 2/40 [something/magic dart (9)]
  3886 | D:2      | HP: 1/35 [necrophage (6)]
  3888 | D:2      | Killed a necrophage
  3889 | D:2      | Reached skill level 1 in Conjurations
  3889 | D:2      | Reached skill level 1 in Hexes
  3889 | D:2      | Reached skill level 1 in Summonings
  3889 | D:2      | Reached skill level 1 in Necromancy
  3889 | D:2      | Reached skill level 1 in Translocations
  3889 | D:2      | Reached skill level 1 in Transmutations
  3889 | D:2      | Reached skill level 1 in Air Magic
  3889 | D:2      | Reached skill level 1 in Earth Magic
  3889 | D:2      | Reached skill level 1 in Poison Magic
  3889 | D:2      | Reached XP level 5. HP: 1/47 MP: 0/9
  4387 | D:3      | Reached XP level 6. HP: 13/53 MP: 6/10
  4693 | D:4      | Noticed a wyvern
  4762 | D:3      | Reached skill level 5 in Evocations
  5259 | D:4      | Slain by a wyvern

Illustrated notes

Levels and vault maps discovered:
D:1:      dpeg_arrival_round_a, layout_loops_ring, minmay_misc_feat_plants
D:2:      layout_loops_corners, hangedman_glass_teeth, corexii_hall_statues_l,
          wad_orctagon
D:3:      layout_loops_ring, ebering_ecumenical_altar_mist
D:4:      layout_rooms, gammafunk_temple_overflow_forgotten,
          nicolae_dithmenos_the_darkroom, enter_ossuary_2, uniq_sigmund

Skill      XL: |  1  2  3  4  5  6 |
---------------+-------------------+-----
Fire Magic     | 2 |  2.6
Ice Magic      | 2 |  2.6
Invocations    | 1 2 |  2.2
Short Blades   | 1 2 |  2.0
Long Blades    | 1 2 |  2.0
Maces & Flails | 1 2 |  2.0
Polearms       | 1 2 |  2.0
Staves         | 1 2 |  2.0
Slings         | 1 2 |  2.0
Bows           | 1 2 |  2.0
Crossbows      | 1 2 |  2.0
Throwing       | 1 2 |  2.0
Dodging        | 1 2 |  2.0
Stealth        | 1 2 |  2.0
Shields        | 1 2 |  2.0
Unarmed Combat | 1 2 |  2.0
Spellcasting   | 3 |  3.4
Conjurations   | 1 |  1.5
Hexes          | 1 |  1.5
Summonings     | 1 |  1.5
Necromancy     | 1 |  1.5
Translocations | 1 |  1.5
Transmutations | 1 |  1.5
Air Magic      | 1 |  1.5
Earth Magic    | 1 |  1.5
Poison Magic   | 1 |  1.5
Axes           | 3 |  3.2
Armour         | 3 |  3.2
Evocations     | 5 |  5.0
Fighting       | |  6.8

Action                   |  1- 3 |  4- 6 || total
-------------------------+-------+-------++-------
Melee: Hand axe          |   109 |    58 ||   167
       Bite              |     9 |    12 ||    21
       War axe           |       |    14 ||    14
       Punch             |       |     1 ||     1
Throw: Throwing net      |       |     5 ||     5
 Cast: Frozen Ramparts   |     3 |     2 ||     5
       Freeze            |     1 |     9 ||    10
Evoke: Wand              |     4 |       ||     4
  Use: Scroll            |     4 |     5 ||     9
       Potion            |       |     2 ||     2
 Stab: Held in net/web   |       |     1 ||     1
Armor: Robe              |    11 |       ||    11
       Leather armour    |    11 |    16 ||    27
Dodge: Dodged            |    62 |    40 ||   102

Table legend: (Time is in decaauts)
 A = Elapsed time spent in this place.
 B = Non-inter-level travel time spent in this place.
 C = Inter-level travel time spent in this place.
 D = Time resting spent in this place.
 E = Time spent auto-exploring this place.
 F = Levels seen in this place.
 G = Mean time per level.
                   A        B        C        D        E       F      G
               +--------+--------+--------+--------+--------+-----+--------+
         Total |   5279 |   5095 |    184 |   1657 |   2654 |   4 | 1319.8 |
       Dungeon |   5279 |   5095 |    184 |   1657 |   2654 |   4 | 1319.8 |
               +--------+--------+--------+--------+--------+-----+--------+

Top non-repeatable levels by time:
     D:3: 1784 daAuts
     D:2: 1712 daAuts
     D:1: 1614 daAuts
     D:4: 167 daAuts
